 Seeded DCSS version 0.29.1-13-g9f3cf754e1 (webtiles) character file.

Game seed: 16245865983455551772 (custom seed)

4 OTABOTABOTAB the Shooter (level 1, 16/16 HPs)
             Began as a Formicid Hunter on Jan 24, 2023.
             Quit the game on level 1 of the Dungeon.
             The game lasted 00:00:45 (63 turns).

OTABOTABOTAB the Shooter (Formicid Hunter)            Turns: 63, Time: 00:00:46

Health: 16/16      AC:  3    Str: 15    XL:     1   Next: 66%
Magic:  1/1        EV: 11    Int:  8    God:
Gold:   2257       SH:  7    Dex: 17    Spells: 0/0 levels left

rFire   . . .      SeeInvis +   a - +0 shortbow
rCold   . . .      Faith    .   d - +3 buckler of Hedge Wizardry {rPois}
rNeg    . . .      Spirit   .   c - +0 leather armour
rPois   +          Reflect  .   (helmet unavailable)
rElec   .          Harm     .   (no cloak)
rCorr   .          Rampage  .   (no gloves)
Will    .....                   (no boots)
Stlth   ++........              (no amulet)
HPRegen 0.05/turn               (no ring)
MPRegen 0.07/turn               (no ring)

@: no status effects
A: permanent stasis, dig shafts and tunnels, antennae 3, four strong arms
a: Dig, Shaft Self


You were on level 1 of the Dungeon.
You visited 1 branch of the dungeon, and saw 1 of its levels.

You collected 2257 gold pieces.

Inventory:

Hand Weapons
 a - a +0 shortbow (weapon)
Armour
 c - a +0 leather armour (worn)
 d - the +3 buckler of Hedge Wizardry (worn) {rPois}
   (You acquired it on level 1 of the Dungeon)

   rPois:     It protects you from poison.
Scrolls
 K - a scroll of immolation {!r}


   Skills:
 + Level 2.2 Fighting
 * Level 4.1 Ranged Weapons
 + Level 0.2 Armour
 + Level 1.8 Dodging
 - Level 1.2 Stealth


You couldn't memorise any spells.
You didn't know any spells.
Your spell library was empty.

Dungeon Overview and Level Annotations

Branches:
Dungeon (1/15)

Altars:


Innate Abilities, Weirdness & Mutations

You cannot be hasted, slowed, berserked, paralysed or teleported.
You can dig through walls and to a lower floor.
You have a pair of large antennae on your head. (SInv)
Your four strong arms can wield two-handed weapons with a shield.


Message History

Bad channel name for runrest: 'Jiyva says: Divide and consume' Welcome, OTABOTABOTAB the Formicid Hunter.
Game seed: 16245865983455551772 (custom seed)
Found a sling.
Found a staircase leading out of the dungeon.
Found an escape hatch in the floor.
Found an escape hatch in the floor.
A goblin comes into view. It is wielding a +0 dagger.
You shoot an arrow. The arrow hits the goblin!
You kill the goblin!
No target in view!
No target in view!
A quokka comes into view.
You shoot an arrow.
The arrow hits the quokka but does no damage.
No target in view!
No target in view!
You shoot an arrow. The arrow hits the quokka.
You shoot an arrow. The arrow hits the quokka.
You kill the quokka!
No target in view!
You sense a monster nearby.
No target in view!
No target in view!
No target in view!
An endoplasm comes into view.
You shoot an arrow. The arrow hits the endoplasm!
You kill the endoplasm!
No target in view!
You sense a monster nearby.
b - 3 scrolls labelled WAC GOIFOFITOUPLEC This is a scroll of acquirement!
Something appears at your feet!
d - the +3 buckler of Hedge Wizardry {rPois} You start putting on your armour.
You continue putting on the +3 buckler of Hedge Wizardry {rPois}. x4
You finish putting on the +3 buckler of Hedge Wizardry {rPois}.
Something appears at your feet!
You now have 1199 gold pieces.
Something appears at your feet!
You now have 2257 gold pieces (gained

1058). # .# #.#
######..###
#.@........
.......#..#.....
#.##...#..# ...
#...###.## #
#... #..# { ...#
#..# ##.## ....
#..#)..#..#{
....#
#.##...##.##
....#
#.....#..#.....#


There were no monsters in sight!

Vanquished Creatures
  An endoplasm (D:1)
  A goblin (D:1)
  A quokka (D:1)
3 creatures vanquished.

Notes
Turn   | Place    | Note
-------+----------+-------------------------------------------
     0 | D:1      | OTABOTABOTAB the Formicid Hunter began the quest for the
                  | Orb.
     0 | D:1      | Reached XP level 1. HP: 16/16 MP: 1/1
    52 | D:1      | Identified 3 scrolls of acquirement
    52 | D:1      | Acquired the +3 buckler of Hedge Wizardry {rPois}
    59 | D:1      | Acquired 1199 gold pieces
    61 | D:1      | Acquired 1058 gold pieces
    63 | D:1      | Quit the game

Illustrated notes

Levels and vault maps discovered:
D:1:      minmay_arrival_hallway, layout_loops_corners, basic_ecumenical_altar,
          minmay_unequal

Action                   || total
-------------------------++-------
 Fire: Shortbow          ||     5
  Use: Scroll            ||     3

Table legend: (Time is in decaauts)
 A = Elapsed time spent in this place.
 B = Non-inter-level travel time spent in this place.
 C = Inter-level travel time spent in this place.
 D = Time resting spent in this place.
 E = Time spent auto-exploring this place.
 F = Levels seen in this place.
 G = Mean time per level.
                   A        B        C        D        E       F      G
               +--------+--------+--------+--------+--------+-----+--------+
         Total |     64 |     64 |      0 |      0 |     36 |   1 |   64.0 |
       Dungeon |     64 |     64 |      0 |      0 |     36 |   1 |   64.0 |
               +--------+--------+--------+--------+--------+-----+--------+

Top non-repeatable levels by time:
     D:1: 64 daAuts

Table legend:
 A = Kills in this place as a percentage of kills in entire the game.
 B = Kills by you in this place as a percentage of kills by you in the entire game.
 C = Kills by friends in this place as a percentage of kills by friends in the entire game.
 D = Other kills in this place as a percentage of other kills in the entire game.
 E = Experience gained in this place as a percentage of experience gained in the entire game.
 F = Experience gained in this place divided by the number of levels of this place that you have seen.
                   A       B       C       D       E      F
               +-------+-------+-------+-------+-------+----------------------
         Total | 100.0 | 100.0 |   N/A |   N/A | 100.0 |   6.0
       Dungeon | 100.0 | 100.0 |   N/A |   N/A | 100.0 |   6.0
               +-------+-------+-------+-------+-------+----------------------
